 Dungeon Crawl Stone Soup version 0.24.0-13-gcf9b3192b9 (webtiles) character file.

Game seed: 6102418211913147760, levelgen mode: deterministic

13750 Arum the Carver (level 12, -5/80 HPs)
             Began as a Tengu Gladiator on Nov 10, 2019.
             Was a High Priest of Okawaru.
             Shot with an arrow by Nessos (23 damage)
             ... on level 12 of the Dungeon.
             The game lasted 00:20:23 (11590 turns).

Arum the Carver (Tengu Gladiator)                  Turns: 11590, Time: 00:20:24

Health: -5/80      AC:  9    Str: 15    XL:     12   Next: 9%
Magic:  13/13      EV: 26    Int:  9    God:    Okawaru [*****.]
Gold:   542        SH: 12    Dex: 22    Spells: 11/11 levels left

rFire    . . .     SeeInvis .   y - +1 long sword (protect)
rCold    . . .     Gourm    .   N - +0 buckler
rNeg     . . .     Faith    .   k - +0 acid dragon scales
rPois    .         Spirit   .   c - +0 hat
rElec    .         Reflect  +   K - +0 cloak
rCorr    +         Harm     .   h - +0 pair of gloves
MR       .....                  (boots unavailable)
Stlth    +++.......             R - +6 amulet of reflection
HPRegen  0.23/turn              u - +2 ring of dexterity
MPRegen  0.13/turn              Z - ring of stealth

@: lethally poisoned (-5 -> -19), flying quickly and evasively, quick
A: beak, talons 3, able to fly
a: Stop Flying, Heroism, Finesse, Renounce Religion


You were on level 12 of the Dungeon.
You worshipped Okawaru.
Okawaru was extremely pleased with you.
You were not hungry.

You visited 2 branches of the dungeon, and saw 13 of its levels.

You collected 658 gold pieces.
You spent 116 gold pieces at shops.

Inventory:

Hand Weapons
 v - a +0 falchion of holy wrath
 y - a +1 long sword of protection (weapon)
 P - a +0 great sword
Missiles
 d - 9 throwing nets
 G - 5 atropa-tipped darts (quivered)
 T - 20 poisoned darts
 Y - 5 curare-tipped darts
Armour
 c - a +0 hat (worn)
 h - a +0 pair of gloves (worn)
 k - +0 acid dragon scales (worn)
 s - a +0 troll leather armour
 K - a +0 cloak (worn)
 N - a +0 buckler (worn)
 Q - a +0 shield
Jewellery
 i - an uncursed ring of wizardry
 o - an uncursed ring of see invisible
 u - a +2 ring of dexterity (left hand)
 R - a +6 amulet of reflection (around neck)
 Z - a ring of stealth (right hand)
Wands
 a - a wand of scattershot (7)
 S - a wand of polymorph (7)
 U - a wand of flame (27)
 W - a wand of random effects (17)
Scrolls
 g - a scroll of random uselessness
 j - 4 scrolls of magic mapping
 l - 3 scrolls of enchant armour
 q - 5 scrolls of fog
 w - 3 scrolls of noise
 x - 5 scrolls of blinking
 A - a scroll of identify
 B - 3 scrolls of remove curse
 D - 2 scrolls of enchant weapon
 M - 4 scrolls of amnesia
 X - a scroll of immolation
Potions
 b - a potion of flight {unknown}
 e - 3 potions of lignification {unknown}
 m - a potion of heal wounds {unknown}
 n - 2 potions of brilliance {unknown}
 p - 3 potions of berserk rage {unknown}
 t - a potion of might {unknown}
 z - 8 potions of curing
 C - a potion of mutation {unknown}
 E - a potion of degeneration {unknown}
 F - 5 potions of haste {unknown}
 H - 2 potions of agility {unknown}
 I - 2 potions of ambrosia {unknown}
 J - a potion of cancellation {unknown}
 O - a potion of magic {unknown}
Comestibles
 f - 26 rations
 r - 9 chunks of flesh


   Skills:
 + Level 11.1 Fighting
 + Level 12.1 Long Blades
 - Level 2.0 Throwing
 + Level 2.9 Armour
 + Level 11.5 Dodging
 - Level 4.0 Shields


You had 11 spell levels left.
You didn't know any spells.
Your spell library contained the following spells:

 Spells                   Type           Power        Failure   Level  Hunger
 Corona                   Hex            #......      50%         1    ##.....
 Sting                    Conj/Pois      #...         50%         1    ##.....
 Ensorcelled Hibernation  Hex/Ice        #.....       63%         2    ###....
 Poisonous Vapours        Pois/Air       #.....       63%         2    ###....
 Slow                     Hex            #.......     63%         2    ###....
 Inner Flame              Hex/Fire       #.......     86%         3    ####...
 Mephitic Cloud           Conj/Pois/Air  #.......     86%         3    ####...
 Portal Projectile        Hex/Tloc       #.....       86%         3    ####...
 Cause Fear               Hex            #.........   99%         4    #####..
 Leda's Liquefaction      Hex/Erth       #.........   99%         4    #####..
 Olgreb's Toxic Radiance  Pois           #.......     99%         4    #####..
 Borgnjor's Vile Clutch   Necr/Erth      #.........   100%        5    ######.
 Silence                  Hex/Air        #.........   100%        5    ######.
 Venom Bolt               Conj/Pois      #.........   100%        5    ######.
 Darkness                 Hex            #.........   100%        6    #######
 Shadow Creatures         Summ           N/A          100%        6    #######


Dungeon Overview and Level Annotations

Branches:
Dungeon (12/15)            Temple (1/1) D:6            Lair (0/6) D:11
    Orc (0/2) D:11

Altars:
Ashenzari
Cheibriados
Dithmenos
Elyvilon
Fedhas
Gozag
Hepliaklqana
Kikubaaqudgha
Makhleb
Nemelex Xobeh
Okawaru
Qazlal
Ru
Sif Muna
Trog
Uskayaw
Vehumet
Wu Jian
Xom
Yredelemnul
Zin
The Shining One

Shops:
D:4 ?

Annotations:
D:4 3 runed translucent doors, GordonOverkill's ghost, weakling DDFi
D:12 Nessos


Innate Abilities, Weirdness & Mutations

You have a beak for a mouth.
You have claws for feet.
You can fly continuously.


Message History

Press: ? - help, Shift-Dir - straight line, f - Nessos
Aim: Nessos, wielding a +3 longbow of flaming and wearing a cursed +0 centaur barding (hasn't noticed you, chance to blind on hit: 3%)
You throw an atropa-tipped dart. The atropa-tipped dart hits Nessos.
Nessos resists.
Nessos shouts!
Nessos shoots an arrow.
The arrow barely misses you.
Throwing (i - inventory. (/) - cycle)
G - 7 atropa-tipped darts (quivered)
Press: ? - help, Shift-Dir - straight line, f/p - Nessos
Aim: Nessos, wielding a +3 longbow of flaming and wearing a cursed +0 centaur barding (chance to blind on hit: 3%)
You throw an atropa-tipped dart. The atropa-tipped dart hits Nessos.
Nessos resists.
Nessos shoots an arrow.
The arrow hits you!! The arrow burns you.
You are poisoned.
* * * LOW HITPOINT WARNING * * *
Throwing (i - inventory. (/) - cycle)
G - 6 atropa-tipped darts (quivered)
Press: ? - help, Shift-Dir - straight line, f/p - Nessos
Aim: Nessos, wielding a +3 longbow of flaming and wearing a cursed +0 centaur barding (chance to blind on hit: 3%)
You throw an atropa-tipped dart. The atropa-tipped dart hits Nessos.
Nessos resists.
You feel sick.
Nessos shoots an arrow.
The arrow hits you!!
You die...

..........o.#.#
###...........#
#####H)...###
#o)#.## #..#...
#..#####
#####..##
#....)..#
#@#####.# #†# .#
#.# .# #.# .#
###.# #.c.#
########.###
#.........#
#######.######..#
.##


You could see Nessos.

Vanquished Creatures
  Harold (D:7)
  Erolcha (D:9)
  3 two-headed ogres
  An ugly thing (D:12)
  A cyclops (D:7)
  A centaur zombie (D:11)
  3 trolls
  A hornet (D:9)
  A hippogriff (D:12)
  14 yaks
  A steam dragon (D:9)
  A hungry ghost (D:12)
  2 soldier ants (D:9)
  An acid dragon (D:11)
  4 orc warriors (D:8)
  4 sky beasts
  A hornet zombie (D:8)
  2 black bears
  4 ice beasts
  2 eyes of draining
  2 phantoms
  8 centaurs
  4 ogres
  A big kobold (D:10)
  6 bullfrogs
  A gnoll sergeant (D:7)
  A water moccasin zombie (D:6)
  3 scorpions
  A wyvern skeleton (D:9)
  12 killer bees
  2 howler monkeys
  5 crimson imps
  6 hounds
  3 orc priests
  3 jellies
  10 orc wizards
  2 bullfrog skeletons
  A gnoll shaman (D:6)
  A centaur skeleton (D:4)
  Crazy Yiuf (D:5)
  2 iguanas
  3 worker ants
  2 human simulacra (D:10)
  A hound zombie (D:9)
  A hound skeleton (D:5)
  14 gnolls
  2 howler monkey skeletons (D:6)
  11 adders
  6 shadow imps
  3 oozes
  3 worms
  2 dart slugs (D:1)
  3 leopard geckos
  52 orcs
  7 bats
  6 giant cockroaches
  12 goblins
  3 hobgoblins
  12 jackals
  5 quokkas
  2 frilled lizards
  12 kobolds
  A leopard gecko skeleton (D:5)
  A quokka zombie (D:8)
  4 rats
292 creatures vanquished.

Notes
Turn   | Place    | Note
-------+----------+-------------------------------------------
     0 | D:1      | Arum the Tengu Gladiator began the quest for the Orb.
     0 | D:1      | Reached XP level 1. HP: 12/12 MP: 2/2
   192 | D:1      | Reached XP level 2. HP: 13/17 MP: 3/3
   476 | D:1      | Found a glowing golden altar of the Shining One.
   960 | D:2      | Reached XP level 3. HP: 21/22 MP: 4/4
  1051 | D:2      | Found an ancient bone altar of Kikubaaqudgha.
  1117 | D:2      | Found a shimmering altar of Xom.
  1167 | D:2      | Reached skill level 4 in Long Blades
  1509 | D:2      | Reached XP level 4. HP: 27/27 MP: 5/5
  1525 | D:2      | Found a radiant altar of Vehumet.
  2111 | D:3      | Found a white marble altar of Elyvilon.
  2433 | D:3      | Gained mutation: You can fly continuously. [Tengu growth]
  2433 | D:3      | Reached XP level 5. HP: 32/32 MP: 6/6
  2693 | D:4      | Found Zin's Purification Station.
  2721 | D:4      | Found a glowing silver altar of Zin.
  2726 | D:4      | Bought a potion of curing for 90 gold pieces
  2733 | D:4      | Found a snail-covered altar of Cheibriados.
  2863 | D:4      | Noticed GordonOverkill's ghost (weakling DDFi)
  3232 | D:4      | Found Mampudas's Magic Scroll Shop.
  3241 | D:4      | Bought a scroll of identify for 26 gold pieces
  3266 | D:4      | Found a runed translucent gate.
  3266 | D:4      | Found a runed translucent gate.
  3266 | D:4      | Found a runed translucent gate.
  3578 | D:4      | Reached skill level 5 in Dodging
  3578 | D:4      | Reached XP level 6. HP: 38/38 MP: 7/7
  3696 | D:5      | Entered Level 5 of the Dungeon
  3709 | D:5      | Reached skill level 5 in Long Blades
  3894 | D:5      | Found a runed translucent door.
  3895 | D:5      | Noticed Crazy Yiuf
  3989 | D:5      | Reached XP level 7. HP: 34/44 MP: 8/8
  4205 | D:5      | Reached skill level 5 in Fighting
  4205 | D:5      | Reached skill level 6 in Long Blades
  4408 | D:5      | Found a glowing golden altar of the Shining One.
  4617 | D:5      | Reached XP level 8. HP: 33/49 MP: 9/9
  4853 | D:5      | Killed Crazy Yiuf
  5029 | D:6      | Reached skill level 7 in Long Blades
  5060 | D:6      | Found a staircase to the Ecumenical Temple.
  5092 | Temple   | Entered the Ecumenical Temple
  5175 | Temple   | Became a worshipper of Warmaster Okawaru
  5457 | D:6      | Reached * piety under Okawaru
  5562 | D:7      | Reached XP level 9. HP: 50/56 MP: 10/10
  5654 | D:7      | Reached skill level 8 in Long Blades
  5774 | D:7      | Noticed Harold
  5797 | D:7      | Killed Harold
  5797 | D:7      | Reached ** piety under Okawaru
  6129 | D:7      | Noticed a cyclops
  6143 | D:7      | Killed a cyclops
  6143 | D:7      | Reached skill level 9 in Long Blades
  6198 | D:7      | Reached XP level 10. HP: 58/64 MP: 11/11
  6300 | D:7      | Reached *** piety under Okawaru
  6416 | D:7      | Found a hide-covered altar of Uskayaw.
  7161 | D:8      | Found a shadowy altar of Dithmenos.
  7184 | D:8      | Got an ancient plate armour
  7185 | D:8      | Identified the cursed +1 plate armour of the Boiling Point
                  | {Int+4 Stlth+} (You found it on level 8 of the Dungeon)
  7201 | D:8      | Reached skill level 10 in Dodging
  7353 | D:8      | Reached skill level 10 in Long Blades
  7536 | D:8      | Received a gift from Okawaru
  7715 | D:9      | Found a shimmering blue altar of Sif Muna.
  7715 | D:9      | Found a shattered altar of Ashenzari.
  7715 | D:9      | Found a bloodstained altar of Trog.
  7770 | D:9      | Reached **** piety under Okawaru
  8376 | D:9      | Reached XP level 11. HP: 41/72 MP: 12/12
  8675 | D:9      | Reached skill level 11 in Long Blades
  8695 | D:9      | Reached skill level 10 in Fighting
  8755 | D:9      | Noticed Erolcha
  8764 | D:9      | Killed Erolcha
  8764 | D:9      | Reached ***** piety under Okawaru
  8764 | D:9      | Reached skill level 1 in Shields
  8832 | D:9      | Noticed a two-headed ogre
  8846 | D:9      | Killed a two-headed ogre
  9174 | D:10     | Entered Level 10 of the Dungeon
  9775 | D:11     | Found a staircase to the Lair.
  9832 | D:11     | Found a staircase to the Orcish Mines.
  9921 | D:11     | Noticed a two-headed ogre
  9931 | D:11     | Killed a two-headed ogre
  9931 | D:11     | Received a gift from Okawaru
 10716 | D:12     | Noticed Nessos
 11116 | D:12     | Reached skill level 1 in Armour
 11337 | D:12     | Reached skill level 12 in Long Blades
 11457 | D:12     | Noticed a two-headed ogre
 11469 | D:12     | Killed a two-headed ogre
 11469 | D:12     | Reached XP level 12. HP: 66/80 MP: 13/13
 11590 | D:12     | Shot with an arrow by Nessos

Levels and vault maps discovered:
D:1:      lightli_arrival_statue_moat, layout_loops_ring, tso_altar
D:2:      layout_loops_cross, old_standard_altar, marbit_many_paths,
          lemuel_crystal_altar, first_ration
D:3:      layout_basic, elyvilon_altar_3, minmay_checkerbox
D:4:      layout_loops_ring, zin_purify, nicolae_overflow_crystal_walls,
          serial_shops, shop, gammafunk_ghost_icy, chequers_avenue
D:5:      layout_cave_pools, lemuel_round_altar, serial_co_window_serial,
          co_window_paths_b, co_window_paths_a, co_window_corner_a,
          co_window_corner_a, co_window_paths_a, co_window_of_opportunity_a,
          co_window_of_opportunity_b, co_window_2corner, co_window_cross_4,
          glass_columns_a, glass_columns_c, glass_columns_b,
          uniq_crazy_yiuf_cottage
D:6:      layout_rooms, minmay_temple_entry_butterflies
D:7:      layout_basic, old_standard_altar, minmay_quadrilaterals, uniq_harold
D:8:      layout_loops_ring, special_room [special_room_orc],
          nicolae_dithmenos_shadow_blocks
D:9:      minmay_general_purpose_star, layout_irregular_city,
          grunt_temple_overflow_open, hangedman_pestilent_swarm,
          minmay_crystal_room, kennysheep_generic_room_5, uniq_erolcha
D:10:     layout_rooms, bh_circular_ruins
D:11:     layout_long_grid, lair_entry_dummy, orc_0_dummy
D:12:     layout_loops_ring, basic_altar, serial_shops, shop, uniq_nessos
Temple:   jpeg_temple_clearing

Skill      XL: |  1  2  3  4  5  6  7  8  9 10 11 |
---------------+----------------------------------+-----
Long Blades    | 4 5 6 7 9 10 12 | 12.1
Dodging        | 4 5 6 7 9 10 11 | 11.5
Fighting       | 3 4 5 6 8 9 11 | 11.1
Shields        | 4 |  4.0
Armour         | 2 |  2.9
Throwing       | |  2.0

Action                   |  1- 3 |  4- 6 |  7- 9 | 10-12 || total
-------------------------+-------+-------+-------+-------++-------
Melee: Long sword        |    52 |    70 |   207 |   574 ||   903
       Kick              |    10 |    45 |   109 |   263 ||   427
       Peck              |     4 |    21 |    66 |   180 ||   271
       Falchion          |       |    31 |       |       ||    31
Throw: Throwing net      |       |       |     3 |       ||     3
       Dart              |       |       |       |    10 ||    10
 Abil: Fly               |       |     1 |       |       ||     1
Evoke: Wand              |       |       |     7 |    38 ||    45
  Use: Scroll            |       |       |       |    15 ||    15
       Potion            |       |       |       |     1 ||     1
 Stab: Sleeping          |       |     1 |       |     2 ||     3
       Held in net/web   |       |       |     1 |       ||     1
       Paralysed         |       |       |       |    20 ||    20
  Eat: Chunk             |     1 |     8 |     7 |    19 ||    35
Armor: Leather armour    |     8 |       |       |       ||     8
       Ring mail         |    13 |    36 |    48 |    60 ||   157
       Acid dragon scale |       |       |       |     8 ||     8
Dodge: Dodged            |    34 |    79 |   176 |   371 ||   660
Block: Other             |       |       |       |    24 ||    24
       Reflection        |       |       |       |     4 ||     4
       Buckler           |       |       |       |   104 ||   104
       Rpst.: Long sword |     7 |    13 |    56 |   100 ||   176
       Falchion          |       |     6 |       |       ||     6
